[Event "20th Karpov Poikovsky 2019"]
[Site "Poikovsky"]
[Date "2019.06.11"]
[Round "6.4"]
[White "Kovalev, Vladislav"]
[Black "Esipenko, Andrey"]
[Result "0-1"]
[ECO "C88"]
[WhiteElo "2661"]
[BlackElo "2611"]
[Annotator "ChessBase"]
[PlyCount "121"]
[EventDate "2019.06.06"]
[EventType "tourn"]
[EventCountry "RUS"]
[SourceTitle "playchess.com"]
[Source "ChessBase"]
[SourceQuality "1"]
[TimeControl "40/6000+30:20/3000+30:900+30"]

1. e4 e5 2. Nf3 Nc6 3. Bb5 a6 4. Ba4 Nf6 5. O-O Be7 6. Re1 b5 7. Bb3 O-O 8. h3 Bb7 9. d3 d5 10. exd5 Nxd5 11. Nxe5 Nxe5 12. Rxe5 Qd6 13. Re1 Rae8 14. Nd2 c5 15. Ne4 Qc6 16. c4 Nb6 17. cxb5 axb5 18. Qf3 c4 19. Bc2 Qd7 20. Qg3 f5 21. Ng5 Nd5 22. dxc4 Bd6 23. f4 Rxe1+ 24. Qxe1 Re8 25. Qh4 Nf6 26. Qf2 Qc7 27. b4 Bxb4 28. Bb2 Bc5 29. Bd4 Bxd4 30. Qxd4 h6 31. Nf3 Bxf3 32. gxf3 bxc4 33. Rd1 Kh8 34. Bxf5 Nh5 35. Qd6 Qa7+ 36. Qd4 Qa5 37. Be4 Nxf4 38. Qxc4 Qg5+ 39. Kf2 Nxh3+ 40. Ke2 Nf4+ 41. Kf2 Nh3+ 42. Ke2 Qg2+ 43. Ke3 Qf2+ 44. Kd3 Nf4+ 45. Kc3 Ne2+ 46. Kc2 Nd4+ 47. Kc1 Nxf3 48. Bc2 Ng1 49. Kb1 Ne2 50. Qd3 Qb6+ 51. Bb3 Qf6 52. Qd7 Rf8 53. Kc2 Qc3+ 54. Kb1 Rc8 55. Qe7 Nd4 56. Qe5 Rd8 57. Qe7 Rb8 58. Rc1 Qd3+ 59. Kb2 Qd2+ {[%emt 0:00:16] Qe4 Qc3+} 60. Kb1 Rd8 61. Rd1 0-1

[Event "20th Karpov Poikovsky 2019"]
[Site "Poikovsky"]
[Date "2019.06.14"]
[Round "8.5"]
[White "Kovalev, Vladislav"]
[Black "Artemiev, Vladislav"]
[Result "0-1"]
[ECO "B52"]
[WhiteElo "2661"]
[BlackElo "2761"]
[Annotator "RC"]
[PlyCount "76"]
[EventDate "2019.06.06"]
[EventType "tourn"]
[EventCountry "RUS"]
[SourceTitle "playchess.com"]
[Source "ChessBase"]
[SourceQuality "1"]
[TimeControl "40/6000+30:20/3000+30:900+30"]

1. e4 c5 2. Nf3 d6 3. Bb5+ Bd7 4. Bxd7+ Nxd7 5. c4 Ngf6 6. Nc3 Rc8 7. O-O g6 8. Qe2 Bg7 9. d4 cxd4 10. Nxd4 O-O 11. Be3 a6 12. Rac1 Qa5 13. f3 e6 14. a3 Ne5 15. Nb3 Qc7 16. Nd2 Rfe8 17. Kh1 d5 18. cxd5 exd5 19. f4 Neg4 20. e5 Nxe3 21. Qxe3 Ng4 22. Qf3 Qd7 23. Rcd1 d4 24. Nde4 f5 25. Ng3 Qd8 26. Nce2 Qh4 27. h3 Ne3 28. Nxd4 Nxf1 29. Nxf1 Rcd8 30. Qe3 Bh6 31. Qb3+ Kh8 32. g3 Qxh3+ 33. Kg1 Bf8 34. e6 Bc5 35. Qe3 Kg8 36. b4 Ba7 37. e7 Rd6 38. Kf2 Qh1 0-1